[ PARTIDA AOE2 · #494143703 ]
UnrankedYurchen vs Burmese
Equipo del jugador · VICT
Equipo rival · DERR
[ ANÁLISIS DE REPETICIÓN · EXTRAÍDO DE LA PARTIDA GRABADA ]
Feudal
9:18
Castillos
—
Imperial
—
| APM promedio | 112.4 |
| APM pico | 199 |
| eAPM promedio | 63.6 |
| Aldeanos / militares | 48 / 24 |
Foco
⚔️ 69.1% · 🌾 30.9%
Scout Cavalry ×13 · Archer ×11
Feudal
10:47
Castillos
—
Imperial
—
| APM promedio | 72.3 |
| APM pico | 119 |
| eAPM promedio | 24.4 |
| Aldeanos / militares | 53 / 24 |
Foco
⚔️ 35.8% · 🌾 64.2%
Skirmisher ×10 · Militia ×9 · Spearman ×5
Mapa de la partida
Recursos iniciales + cada clic de construcción. Líneas = muros · curvas = relieve. ◆ oro · ⬟ piedra · ● bayas · ✦ reliquia · ◌ hueco del cierre
Tu base· Abierta — flanco sin cerrar
Base de Valas· Abierta — flanco sin cerrar
Terreno inicial suavizado · ◌ = hueco del cierre detectado · pasá el cursor para detalles
Inputs por minuto
— VIT | Hera - - Valas
Build order — VIT | Hera
149 acciones detectadas en el replay
| 0:00 | Crear | Villager (Male) |
| 0:00 | Crear | Villager (Male) |
| 0:01 | Construir | House |
| 0:02 | Construir | House |
| 0:07 | Crear | Villager (Male) |
| 0:07 | Crear | Villager (Male) |
| 0:07 | Crear | Villager (Male) |
| 1:23 | Crear | Villager (Male) |
| 1:33 | Crear | Villager (Male) |
| 1:33 | Crear | Villager (Male) |
| 1:48 | Construir | Lumber Camp |
| 2:06 | Crear | Villager (Male) |
| 2:06 | Crear | Villager (Male) |
| 2:23 | Crear | Villager (Male) |
| 3:09 | Crear | Villager (Male) |
| 3:33 | Crear | Villager (Male) |
| 3:33 | Crear | Villager (Male) |
| 3:51 | Construir | House |
| 3:53 | Construir | Palisade Wall |
| 3:59 | Crear | Villager (Male) |
| 3:59 | Crear | Villager (Male) |
| 4:18 | Crear | Villager (Male) |
| 4:21 | Construir | Mill |
| 4:57 | Crear | Villager (Male) |
| 4:58 | Crear | Villager (Male) |
| 4:58 | Crear | Villager (Male) |
| 4:58 | Crear | Villager (Male) |
| 5:29 | Construir | House |
| 5:34 | Construir | Palisade Wall |
| 5:47 | Crear | Villager (Male) |
| 6:15 | Construir | Palisade Wall |
| 6:16 | Construir | Palisade Wall |
| 6:16 | Construir | Palisade Wall |
| 6:18 | Construir | Palisade Wall |
| 6:39 | Investigar | Loom |
| 7:08 | Investigar | Feudal Age |
| 7:08 | Investigar | Feudal Age |
| 7:23 | Construir | Palisade Wall |
| 7:56 | Construir | Barracks |
| 9:09 | Crear | Villager (Male) |
| 9:18 | Edad | Edad Feudal |
| 9:22 | Construir | Stable |
| 9:34 | Investigar | Double-Bit Axe |
| 9:34 | Investigar | Double-Bit Axe |
| 9:34 | Crear | Villager (Male) |
| 9:36 | Crear | Villager (Male) |
| 10:06 | Crear | Villager (Male) |
| 10:08 | Crear | Scout Cavalry |
| 10:08 | Crear | Scout Cavalry |
| 10:10 | Construir | House |
| 10:12 | Construir | Mill |
| 10:28 | Construir | Farm |
| 10:37 | Crear | Scout Cavalry |
| 10:39 | Investigar | Horse Collar |
| 10:39 | Investigar | Horse Collar |
| 10:56 | Crear | Villager (Male) |
| 10:57 | Construir | Farm |
| 11:14 | Construir | Farm |
| 11:18 | Crear | Villager (Male) |
| 11:29 | Crear | Villager (Male) |
| 11:31 | Construir | House |
| 11:33 | Construir | House |
| 11:40 | Construir | Farm |
| 11:44 | Crear | Scout Cavalry |
| 12:01 | Construir | Mining Camp |
| 12:09 | Crear | Villager (Male) |
| 12:23 | Construir | Archery Range |
| 12:36 | Construir | Palisade Wall |
| 12:38 | Construir | Palisade Wall |
| 12:52 | Crear | Villager (Male) |
| 13:00 | Construir | Farm |
| 13:00 | Construir | Farm |
| 13:03 | Construir | Farm |
| 13:07 | Crear | Villager (Male) |
| 13:14 | Crear | Archer |
| 13:33 | Construir | Farm |
| 13:35 | Construir | Farm |
| 13:39 | Crear | Villager (Male) |
| 13:41 | Construir | Farm |
| 13:53 | Crear | Archer |
| 14:04 | Construir | Palisade Wall |
| 14:06 | Construir | Palisade Wall |
| 14:10 | Crear | Archer |
| 14:11 | Crear | Villager (Male) |
| 14:11 | Crear | Villager (Male) |
| 14:16 | Construir | House |
| 14:35 | Construir | Farm |
| 14:36 | Construir | Farm |
| 14:48 | Crear | Villager (Male) |
| 14:58 | Construir | Farm |
| 14:59 | Investigar | Wheelbarrow |
| 14:59 | Investigar | Wheelbarrow |
| 15:07 | Crear | Archer |
| 15:44 | Crear | Villager (Male) |
| 15:45 | Crear | Scout Cavalry |
| 15:45 | Crear | Scout Cavalry |
| 15:53 | Construir | Blacksmith |
| 16:01 | Crear | Villager (Male) |
| 16:02 | Construir | House |
| 16:08 | Construir | Farm |
| 16:35 | Investigar | Fletching |
| 16:36 | Investigar | Fletching |
| 16:40 | Crear | Archer |
| 16:41 | Crear | Scout Cavalry |
| 16:41 | Crear | Villager (Male) |
| 16:45 | Construir | Farm |
| 16:55 | Construir | House |
| 16:56 | Construir | House |
| 17:02 | Crear | Scout Cavalry |
| 17:04 | Crear | Archer |
| 17:10 | Crear | Villager (Male) |
| 17:12 | Construir | Farm |
| 17:17 | Crear | Villager (Male) |
| 17:37 | Construir | Farm |
| 17:39 | Crear | Scout Cavalry |
| 17:41 | Investigar | Scale Mail Armor |
| 17:43 | Investigar | Forging |
| 17:43 | Investigar | Forging |
| 17:46 | Crear | Villager (Male) |
| 17:46 | Crear | Archer |
| 17:48 | Construir | Farm |
| 18:07 | Crear | Scout Cavalry |
| 18:10 | Crear | Villager (Male) |
| 18:14 | Construir | Farm |
| 18:29 | Crear | Villager (Male) |
| 18:34 | Crear | Villager (Male) |
| 18:35 | Crear | Scout Cavalry |
| 18:36 | Construir | House |
| 18:37 | Construir | House |
| 18:40 | Construir | Farm |
| 18:40 | Construir | Farm |
| 19:01 | Investigar | Bloodlines |
| 19:01 | Investigar | Bloodlines |
| 19:06 | Crear | Villager (Male) |
| 19:10 | Construir | Watch Tower |
| 19:13 | Construir | Farm |
| 19:20 | Crear | Archer |
| 19:20 | Crear | Archer |
| 19:49 | Crear | Archer |
| 20:03 | Crear | Scout Cavalry |
| 20:05 | Investigar | Scale Barding Armor |
| 20:08 | Crear | Villager (Male) |
| 20:16 | Construir | Farm |
| 20:17 | Construir | Farm |
| 20:18 | Construir | Farm |
| 20:41 | Crear | Scout Cavalry |
| 20:47 | Crear | Villager (Male) |
| 20:49 | Construir | House |
| 21:01 | Crear | Archer |
Build order — Valas
135 acciones detectadas en el replay
| 0:01 | Crear | Villager (Male) |
| 0:01 | Crear | Villager (Male) |
| 0:02 | Construir | House |
| 0:02 | Construir | House |
| 0:04 | Crear | Villager (Male) |
| 0:09 | Crear | Villager (Male) |
| 0:10 | Crear | Villager (Male) |
| 1:26 | Crear | Villager (Male) |
| 1:26 | Crear | Villager (Male) |
| 1:53 | Construir | Lumber Camp |
| 1:56 | Crear | Villager (Male) |
| 1:56 | Crear | Villager (Male) |
| 2:15 | Crear | Villager (Male) |
| 2:15 | Crear | Villager (Male) |
| 2:51 | Crear | Villager (Male) |
| 2:51 | Crear | Villager (Male) |
| 3:01 | Crear | Villager (Male) |
| 3:34 | Crear | Villager (Male) |
| 3:35 | Crear | Villager (Male) |
| 3:57 | Crear | Villager (Male) |
| 3:58 | Construir | House |
| 3:59 | Construir | House |
| 4:27 | Crear | Villager (Male) |
| 4:59 | Construir | Barracks |
| 5:00 | Crear | Villager (Male) |
| 5:18 | Crear | Villager (Male) |
| 5:48 | Crear | Villager (Male) |
| 5:51 | Construir | Mill |
| 5:52 | Crear | Militia |
| 5:53 | Crear | Militia |
| 6:12 | Crear | Villager (Male) |
| 6:33 | Crear | Villager (Male) |
| 6:36 | Crear | Militia |
| 6:47 | Construir | House |
| 6:54 | Construir | House |
| 7:06 | Crear | Villager (Male) |
| 7:11 | Construir | Farm |
| 7:30 | Crear | Villager (Male) |
| 7:38 | Construir | Farm |
| 8:10 | Investigar | Loom |
| 8:37 | Investigar | Feudal Age |
| 9:16 | Construir | Mill |
| 9:39 | Construir | Mining Camp |
| 10:13 | Construir | Palisade Wall |
| 10:15 | Construir | Palisade Wall |
| 10:18 | Construir | Palisade Wall |
| 10:19 | Construir | Palisade Wall |
| 10:29 | Construir | House |
| 10:44 | Crear | Villager (Male) |
| 10:47 | Edad | Edad Feudal |
| 10:48 | Crear | Spearman |
| 11:05 | Crear | Villager (Male) |
| 11:10 | Crear | Spearman |
| 11:19 | Investigar | Horse Collar |
| 11:33 | Investigar | Man-at-Arms (upgrade) |
| 11:33 | Investigar | Man-at-Arms (upgrade) |
| 11:35 | Crear | Villager (Male) |
| 11:45 | Construir | Farm |
| 11:45 | Construir | Farm |
| 11:55 | Crear | Villager (Male) |
| 12:12 | Crear | Villager (Male) |
| 12:13 | Construir | House |
| 12:15 | Construir | Palisade Wall |
| 12:19 | Crear | Spearman |
| 12:36 | Crear | Villager (Male) |
| 12:58 | Construir | Farm |
| 13:01 | Crear | Villager (Male) |
| 13:25 | Crear | Villager (Male) |
| 13:31 | Crear | Militia |
| 13:32 | Crear | Militia |
| 13:37 | Construir | Blacksmith |
| 13:38 | Crear | Villager (Male) |
| 13:39 | Construir | Archery Range |
| 13:52 | Construir | Farm |
| 14:03 | Crear | Villager (Male) |
| 14:18 | Construir | Farm |
| 14:24 | Construir | House |
| 14:25 | Construir | Palisade Wall |
| 14:37 | Crear | Villager (Male) |
| 14:39 | Crear | Skirmisher |
| 14:40 | Crear | Skirmisher |
| 14:46 | Construir | Farm |
| 14:49 | Crear | Villager (Male) |
| 15:01 | Investigar | Fletching |
| 15:01 | Investigar | Fletching |
| 15:03 | Crear | Villager (Male) |
| 15:05 | Construir | Farm |
| 15:06 | Crear | Militia |
| 15:06 | Crear | Militia |
| 15:10 | Crear | Skirmisher |
| 15:13 | Crear | Villager (Male) |
| 15:45 | Crear | Villager (Male) |
| 15:51 | Crear | Skirmisher |
| 15:53 | Crear | Militia |
| 16:08 | Construir | Farm |
| 16:09 | Construir | Farm |
| 16:10 | Investigar | Scale Mail Armor |
| 16:11 | Investigar | Scale Mail Armor |
| 16:11 | Crear | Villager (Male) |
| 16:19 | Crear | Skirmisher |
| 16:23 | Crear | Villager (Male) |
| 16:26 | Construir | Farm |
| 16:31 | Construir | Mining Camp |
| 16:39 | Crear | Villager (Male) |
| 16:56 | Crear | Skirmisher |
| 16:56 | Crear | Skirmisher |
| 16:57 | Crear | Villager (Male) |
| 17:08 | Construir | House |
| 17:28 | Crear | Skirmisher |
| 17:29 | Crear | Militia |
| 17:30 | Crear | Villager (Male) |
| 17:43 | Crear | Villager (Male) |
| 17:44 | Investigar | Forging |
| 17:45 | Investigar | Forging |
| 17:48 | Construir | Farm |
| 17:48 | Construir | Farm |
| 17:50 | Investigar | Arson |
| 17:50 | Investigar | Arson |
| 17:55 | Crear | Villager (Male) |
| 18:20 | Crear | Villager (Male) |
| 18:32 | Crear | Villager (Male) |
| 18:33 | Crear | Spearman |
| 18:33 | Crear | Spearman |
| 18:34 | Crear | Skirmisher |
| 18:58 | Construir | Watch Tower |
| 19:10 | Construir | House |
| 19:13 | Construir | Farm |
| 19:13 | Construir | Farm |
| 19:23 | Crear | Villager (Male) |
| 19:27 | Construir | House |
| 19:29 | Construir | Watch Tower |
| 19:59 | Crear | Villager (Male) |
| 20:11 | Crear | Skirmisher |
| 20:40 | Crear | Villager (Male) |
| 20:59 | Crear | Villager (Male) |
Cronología de la partida
| 3:53 | VIT | Hera · wall_segment Palisade Wall x3 |
| 4:59 | Valas · first_building Barracks |
| 5:34 | VIT | Hera · wall_segment Palisade Wall x17 |
| 6:15 | VIT | Hera · wall_segment Palisade Wall x3 |
| 6:16 | VIT | Hera · wall_segment Palisade Wall x1 |
| 6:16 | VIT | Hera · wall_segment Palisade Wall x3 |
| 6:18 | VIT | Hera · wall_segment Palisade Wall x1 |
| 7:23 | VIT | Hera · wall_segment Palisade Wall x5 |
| 7:56 | VIT | Hera · first_building Barracks |
| 9:18 | VIT | Hera · age_up feudal |
| 9:22 | VIT | Hera · first_building Stable |
| 10:13 | Valas · wall_segment Palisade Wall x1 |
| 10:15 | Valas · wall_segment Palisade Wall x4 |
| 10:18 | Valas · wall_segment Palisade Wall x1 |
| 10:19 | Valas · wall_segment Palisade Wall x9 |
| 10:47 | Valas · age_up feudal |
| 12:15 | Valas · wall_segment Palisade Wall x18 |
| 12:23 | VIT | Hera · first_building Archery Range |
| 12:36 | VIT | Hera · wall_segment Palisade Wall x1 |
| 12:38 | VIT | Hera · wall_segment Palisade Wall x1 |
| 13:39 | Valas · first_building Archery Range |
| 14:04 | VIT | Hera · wall_segment Palisade Wall x1 |
| 14:06 | VIT | Hera · wall_segment Palisade Wall x1 |
| 14:25 | Valas · wall_segment Palisade Wall x3 |
| 21:08 | Valas · resign |
[ ANÁLISIS IA · 1 CRÉDITO ]
¿Qué pasó realmente en esta partida?
Wolo.gg analiza cada decisión: build order, eco, micro, errores típicos por bracket. Análisis personalizado por WhatsApp o Discord en 30 segundos.
Guía civ
Yurchen
Perfil
Hera